 Dungeon Crawl Stone Soup version 0.21.1-1-g345015f (webtiles) character file.

22453 inc the Unseen (level 12, -4/57 HPs)
             Began as a Felid Enchanter on Feb 25, 2018.
             Was the Champion of Ashenzari.
             Killed by divine providence
             ... invoked by an orc priest
             ... led by an orc warlord
              (14 damage)
             ... on level 2 of the Orcish Mines.
             The game lasted 01:05:46 (22053 turns).

inc the Unseen (Felid Enchanter)                   Turns: 22053, Time: 01:05:46

Health: -4/57      AC:  3    Str:  2    XL:     12   Next: 63%
Magic:  7/25       EV: 29    Int: 20    God:    Ashenzari [******]
Gold:   2009       SH:  0    Dex: 18    Spells: 7/15 levels left
                                        Lives:  0   Deaths: 3

rFire    . . .     SeeInvis +     - Unarmed
rCold    + + .     Gourm    .   (shield unavailable)
rNeg     . . .     Faith    .   (armour unavailable)
rPois    .         Spirit   .   (helmet unavailable)
rElec    .         Reflect  .   (cloak unavailable)
rCorr    .         Harm     .   (gloves unavailable)
MR       +....     Clarity  +   (boots unavailable)
Stlth    ++++++++..             d - amulet of regeneration (curse)
HPRegen  0.59/turn              q - ring of protection from cold (curse)
MPRegen  0.19/turn              L - ring of magical power (curse)

@: quick
A: very small, no armour, no weapons or thrown items, stealth, claws 1, fangs 3,
see invisible, carnivore, speed 1, shaggy fur 3, slow metabolism 1, weak 1,
sharp paws
a: Curse Item, Scrying, Transfer Knowledge, Renounce Religion


You were on level 2 of the Orcish Mines.
You worshipped Ashenzari.
Ashenzari was exalted by your worship.
You were not hungry.

You visited 4 branches of the dungeon, and saw 21 of its levels.
You also visited: Ice Cave.

You collected 2009 gold pieces.

Inventory:

Jewellery
 d - a cursed amulet of regeneration (around neck)
 g - an uncursed ring of fire
 q - a cursed ring of protection from cold (left paw)
 u - an uncursed amulet of rage
 w - a +1 ring of evasion
 E - a +3 ring of intelligence
 L - a cursed ring of magical power (right paw)
 Q - an uncursed ring of fire
 U - an uncursed ring of fire
Wands
 k - a wand of disintegration (16)
 C - a wand of acid (20)
 I - a wand of flame (17)
 N - a wand of random effects (14)
 O - a wand of digging (15)
 R - a wand of paralysis (14)
 V - a wand of enslavement (18)
Scrolls
 e - 5 scrolls of enchant armour
 f - 3 scrolls of amnesia
 h - 2 scrolls of noise {unknown}
 j - 4 scrolls of enchant weapon
 r - a scroll of fog {unknown}
 s - 9 scrolls of teleportation
 t - 2 scrolls of immolation
 x - 6 scrolls of remove curse
 D - 3 scrolls of identify
 F - a scroll of vulnerability
 J - 2 scrolls of brand weapon
 K - a scroll of holy word {unknown}
 M - 2 scrolls of torment
 S - a scroll of acquirement {unknown}
 X - a scroll of magic mapping {unknown}
 Y - a scroll of blinking {unknown}
Potions
 c - 10 potions of curing
 i - 2 potions of lignification
 l - 5 potions of flight
 m - 4 potions of degeneration
 o - a potion of magic
 p - 2 potions of invisibility
 v - a potion of heal wounds
 z - 3 potions of agility
 A - a potion of resistance
 B - 7 potions of might
 H - 4 potions of brilliance
 P - 3 potions of haste
 T - 4 potions of berserk rage
 W - 2 potions of mutation
Books
 a - a book of Maledictions

   Spells                             Type                      Level
   a - Corona                         Hexes                        1
   b - Ensorcelled Hibernation        Hexes/Ice                    2
   c - Confuse                        Hexes                        3
   d - Tukima's Dance                 Hexes                        3
   e - Dazzling Spray                 Conjuration/Hexes            3
 n - a book of Cantrips

   Spells                             Type                      Level
   a - Confusing Touch                Hexes                        1
   b - Animate Skeleton               Necromancy                   1
   c - Summon Small Mammal            Summoning                    1
   d - Apportation                    Translocation                1
 y - Sif Muna's Volume of the Birds
   (You found it on level 5 of the Dungeon)

   Spells                             Type                      Level
   a - Shock                          Conjuration/Air              1
 G - a book of Flames

   Spells                             Type                      Level
   a - Flame Tongue                   Conjuration/Fire             1
   b - Throw Flame                    Conjuration/Fire             2
   c - Conjure Flame                  Conjuration/Fire             3
   d - Inner Flame                    Hexes/Fire                   3
   e - Sticky Flame                   Conjuration/Fire             4
   f - Fireball                       Conjuration/Fire             5
Comestibles
 b - 32 rations


   Skills:
 - Level 9.4 Fighting
 - Level 12.3 Dodging
 - Level 18.4 Stealth
 + Level 12.7 Unarmed Combat
 - Level 2.0 Spellcasting
 - Level 12.2(16.4) Hexes
 - Level 7.5(12.0) Ice Magic


You had 7 spell levels left.
You knew the following spells:

 Your Spells              Type           Power        Failure   Level  Hunger
a - Corona                Hex            ######.      1%          1    #......
b - Ensorcelled Hibernat  Hex/Ice        ######       1%          2    ##.....
c - Confuse               Hex            ######..     1%          3    ###....
d - Confusing Touch       Hex            ######       1%          1    #......
e - Apportation           Tloc           #.....       12%         1    #......


Dungeon Overview and Level Annotations

Branches:
Dungeon (12/15)            Temple (1/1) D:4            Lair (6/6) D:11
 Shoals (0/4) Lair:2       Spider (0/4) Lair:3        Slime (0/5) Lair:5
    Orc (2/2) D:9             Elf (0/3) Orc:2

Altars:
Ashenzari
Cheibriados
Dithmenos
Elyvilon
Fedhas
Gozag
Hepliaklqana
Kikubaaqudgha
Makhleb
Nemelex Xobeh
Okawaru
Qazlal
Ru
Sif Muna
Trog
Uskayaw
Vehumet
Wu Jian
Xom
Yredelemnul
Zin
The Shining One
Beogh
Lugonu

Shops:
Orc:2 [([(

Annotations:
D:3 Agrougrou's ghost, amateur DEAE
D:4 Menkaure
D:7 Pikel
Lair:6 Rupert; Snorg


Innate Abilities, Weirdness & Mutations

You cannot wear armour.
You are incapable of wielding weapons or throwing items.
Your paws allow you to move quietly. (Stealth)
You have sharp claws.
You have razor-sharp teeth.
You have supernaturally acute eyesight. (SInv)
You are carnivorous and can eat meat at any time.
You cover ground quickly.
Your thick and shaggy fur keeps you warm. (AC +3, rC+)
You have a slow metabolism.
Your sharp claws are effective at attacking unaware monsters.
You are weak. (Str -2)


Message History

Aim: an orc warrior, wielding a halberd and wearing a plate armour (chance to defeat MR: 72%)
The orc warrior looks drowsy...
Things that are here:
an uncursed short sword; an uncursed plate armour The helpless orc warrior fails to defend itself.
You eviscerate the orc warrior!!!!
You kill the orc warrior!
The orc priest looks braver for a moment.
The orc priest mumbles some strange prayers to Beogh against you.
Beogh smites you!
* * * LOW HITPOINT WARNING * * *
Casting: Ensorcelled Hibernation
Confirm with . or Enter, or press ? or * to list all spells.
Aiming: Ensorcelled Hibernation
Press: ? - help, Shift-Dir - straight line, f - orc priest
Aim: an orc priest (chance to defeat MR: 72%)
The orc priest looks drowsy...
The orc priest invokes the aid of Beogh against you.
Beogh smites you!
You die...

##...####........{..'..... ,, ,,
##....##)..........#.o.o. { *
#...........o..#####.... {,,**∆
##....))......## *#...,, **∆∆
#.....#.......# #..,,{ ∆∆∆
##..........#.## ## * ***
##...#.##.#o#### ##
##..).###......o## ##.
#...)###..#####o@## ####<.
....).#..##...##..# ##.###.
#.......##.....##.### ####...#..
........#.......#.#.####.###.###.
#.......#...8_)∩#))..#....##.##..
........÷...)...#.#..............
#......)##.)...##.#..............
.........##...##.................
#.........#####..#...............


You could see 2 orc priests and an orc.

Vanquished Creatures
  3 orc warlords
  Fannar (Lair:3)
  2 hydras
  5 two-headed ogres
  2 orc high priests
  5 death yaks
  Nergalle (D:12)
  An unseen horror (D:11)
  A lindwurm (Lair:6)
  A wolf spider zombie (D:9)
  2 orc knights
  A necromancer (IceCv)
  4 orc sorcerers (Orc:2)
  A deep elf mage (D:10)
  A cyclops (D:8)
  11 elephants
  A centaur zombie (D:11)
  4 black mambas
  3 merfolk sirens (Lair:2)
  Psyche (D:12)
  2 ice statues (IceCv)
  A gargoyle (D:10)
  6 spiny frogs
  10 komodo dragons
  A kobold demonologist (D:12)
  3 rime drakes
  7 ice devils (IceCv)
  A polar bear (Lair:5)
  A merfolk (Lair:2)
  3 trolls
  4 blink frogs (Lair:2)
  8 hippogriffs
  2 shadows (D:12)
  A vampire (D:11)
  A wraith (D:12)
  A basilisk (Lair:4)
  6 wyverns
  8 yaks
  A human (D:10)
  2 hungry ghosts
  2 wargs
  5 vampire mosquitoes
  19 water moccasins
  7 porcupines
  A hornet zombie (D:11)
  2 phantoms
  A sky beast (D:6)
  54 orc warriors
  A black bear (D:8)
  17 ogres
  3 ice beasts
  8 wolves
  4 centaurs
  12 crocodiles
  3 big kobolds
  8 bullfrogs
  9 scorpions
  5 killer bees (D:9)
  A wight (D:8)
  7 crimson imps
  2 howler monkeys
  A bullfrog zombie (D:12)
  A quasit (D:9)
  4 draconian simulacra (IceCv)
  5 hounds
  23 orc priests
  A gnoll shaman (D:5)
  7 jellies
  2 bullfrog skeletons
  24 orc wizards
  3 centaur skeletons
  9 worker ants
  An iguana (D:8)
  A spriggan simulacrum (IceCv)
  2 centaur simulacra (IceCv)
  3 worker ant zombies
  8 gnolls
  16 adders
  2 naga simulacra (IceCv)
  An ogre simulacrum (IceCv)
  3 shadow imps
  2 oozes (D:6)
  An adder skeleton (D:5)
  2 worms
  2 dart slugs (D:1)
  4 leopard geckos
  99 orcs
  4 bats
  3 giant cockroaches
  6 goblins
  5 hobgoblins
  16 kobolds
  2 quokkas (D:8)
  4 frilled lizards
  A leopard gecko skeleton (D:7)
  9 rats
  A butterfly (Lair:2)
569 creatures vanquished.

Vanquished Creatures (others)
  A demonic plant (D:12)
  10 fungi
  8 plants
19 creatures vanquished.

Grand Total: 588 creatures vanquished

Notes
Turn   | Place    | Note
-------+----------+-------------------------------------------
     0 | D:1      | inc the Felid Enchanter began the quest for the Orb.
     0 | D:1      | Reached XP level 1. HP: 7/7 MP: 4/4
   328 | D:1      | Reached XP level 2. HP: 11/11 MP: 6/6
  1093 | D:2      | Found an iron altar of Okawaru.
  1173 | D:2      | Reached XP level 3. HP: 14/14 MP: 7/7
  1321 | D:2      | Found a blossoming altar of Fedhas.
  1517 | D:3      | Noticed Agrougrou's ghost (amateur DEAE)
  1643 | D:3      | Learned a level 2 spell: Ensorcelled Hibernation
  1647 | D:3      | Learned a level 3 spell: Confuse
  2194 | D:4      | Reached XP level 4. HP: 18/18 MP: 5/8
  2242 | D:4      | Reached skill level 5 in Dodging
  2242 | D:4      | Reached XP level 5. HP: 21/21 MP: 6/9
  2719 | D:4      | Noticed an ogre
  2758 | D:4      | Killed an ogre
  2758 | D:4      | Gained mutation: You are covered in thick fur. (AC +2) [Felid growth]
  2758 | D:4      | Reached XP level 6. HP: 24/24 MP: 1/10
  2839 | D:4      | Found a staircase to the Ecumenical Temple.
  2846 | Temple   | Entered the Ecumenical Temple
  2878 | Temple   | Became a worshipper of Ashenzari the Shackled
  2956 | D:4      | Noticed Menkaure
  3206 | D:4      | Reached skill level 5 in Stealth
  3292 | D:5      | Entered Level 5 of the Dungeon
  3397 | D:5      | Found an ornate altar of the Wu Jian Council.
  3539 | D:5      | Reached skill level 6 in Stealth
  3539 | D:5      | Reached XP level 7. HP: 26/27 MP: 2/11
  3549 | D:5      | Reached skill level 7 in Stealth
  3605 | D:6      | Reached * piety under Ashenzari
  3686 | D:5      | Found a shimmering altar of Xom.
  3700 | D:5      | Learned a level 1 spell: Confusing Touch
  3824 | D:5      | Reached skill level 5 in Hexes
  3824 | D:5      | Reached skill level 1 in Ice Magic
  4615 | D:5      | Reached XP level 8. HP: 31/31 MP: 9/12
  4868 | D:5      | Found a deep blue altar of Sif Muna.
  4879 | D:5      | Learned a level 1 spell: Apportation
  4882 | D:5      | Identified Sif Muna's Volume of the Birds
  5671 | D:6      | Found a radiant altar of Vehumet.
  5741 | D:6      | Found a sacrificial altar of Ru.
  6130 | D:6      | Reached ** piety under Ashenzari
  6319 | D:7      | Noticed Pikel
  6541 | D:8      | Reached skill level 5 in Unarmed Combat
  6637 | D:8      | Reached XP level 9. HP: 37/37 MP: 2/13
  6834 | D:8      | Noticed a two-headed ogre
  6852 | D:8      | Killed a two-headed ogre
  7048 | D:8      | Found a glowing golden altar of the Shining One.
  7081 | D:8      | Noticed a cyclops
  7103 | D:8      | Killed a cyclops
  7103 | D:8      | Reached skill level 10 in Unarmed Combat
  7310 | D:8      | Noticed a two-headed ogre
  7312 | D:8      | Killed a two-headed ogre
  7312 | D:8      | Reached skill level 9 in Stealth
  7312 | D:8      | Reached XP level 10. HP: 42/42 MP: 14/14
  7811 | D:9      | Found a snail-covered altar of Cheibriados.
  7930 | D:9      | Found a staircase to the Orcish Mines.
  7960 | D:9      | Reached skill level 10 in Stealth
  8010 | D:10     | Entered Level 10 of the Dungeon
  8156 | D:10     | Found a blossoming altar of Fedhas.
  8168 | D:10     | Noticed a deep elf mage
  8179 | D:10     | Killed a deep elf mage
  8179 | D:10     | Reached skill level 11 in Stealth
  8460 | D:10     | Noticed a two-headed ogre
  8569 | D:9      | Reached skill level 5 in Fighting
  8919 | D:9      | Reached *** piety under Ashenzari
  9256 | D:9      | Found a sparkling altar of Nemelex Xobeh.
  9283 | D:9      | Found an opulent altar of Gozag.
  9288 | D:9      | Noticed a two-headed ogre
  9291 | D:9      | Killed a two-headed ogre
  9291 | D:9      | Reached XP level 11. HP: 48/48 MP: 5/15
  9558 | D:10     | Found a shadowy altar of Dithmenos.
  9568 | D:10     | Killed a two-headed ogre
  9588 | D:10     | Reached skill level 5 in Ice Magic
 10319 | D:11     | Reached skill level 10 in Hexes
 10424 | D:11     | Reached skill level 12 in Stealth
 10470 | D:11     | Noticed a two-headed ogre
 10480 | D:11     | Killed a two-headed ogre
 10609 | D:11     | Noticed an unseen horror
 10619 | D:11     | Killed an unseen horror
 10619 | D:11     | Reached skill level 13 in Stealth
 10798 | D:11     | Found a staircase to the Lair.
 10865 | D:11     | Found a frozen archway.
 10867 | D:11     | Reached skill level 14 in Stealth
 10871 | IceCv    | Entered an ice cave
 11437 | IceCv    | Noticed a necromancer
 11452 | IceCv    | Killed a necromancer
 11522 | IceCv    | Gained mutation: Your thick and shaggy fur keeps you warm. (AC +3, rC+) [Felid growth]
 11522 | IceCv    | Reached XP level 12. HP: 23/51 MP: 14/16
 11713 | D:11     | Reached skill level 10 in Dodging
 12309 | D:12     | Found a blossoming altar of Fedhas.
 12309 | D:12     | Noticed Nergalle
 12311 | D:12     | Killed Nergalle
 12381 | D:12     | Reached **** piety under Ashenzari
 12445 | D:12     | Killed from afar by an orc priest
 12446 | D:12     | Reached XP level 11. HP: -1/48 MP: 5/24
 12594 | D:12     | Noticed Psyche
 12606 | D:12     | Killed Psyche
 12796 | D:12     | Found a corrupted altar of Lugonu.
 12882 | Lair:1   | Entered Level 1 of the Lair of Beasts
 12945 | Lair:1   | Reached skill level 15 in Stealth
 13536 | Lair:1   | Reached ***** piety under Ashenzari
 13817 | Lair:1   | Reached skill level 16 in Stealth
 14232 | Lair:2   | Noticed a six-headed hydra
 14233 | Lair:2   | Killed a six-headed hydra
 14254 | Lair:2   | Found a snail-covered altar of Cheibriados.
 14299 | Lair:2   | Found a staircase to the Shoals.
 14589 | Lair:2   | Reached skill level 17 in Stealth
 14633 | Lair:2   | Reached XP level 12. HP: 51/51 MP: 16/16
 15187 | Lair:3   | Noticed Fannar
 15241 | Lair:3   | Reached skill level 18 in Stealth
 15362 | Lair:3   | Killed Fannar
 15559 | Lair:3   | Found a hole to the Spider Nest.
 15713 | Lair:3   | HP: 2/51 [elephant (1)]
 16627 | Lair:4   | Noticed a death yak
 16636 | Lair:4   | Killed a death yak
 16698 | Lair:4   | Mangled by a hippogriff
 16699 | Lair:4   | Reached XP level 11. HP: -6/48 MP: 9/24
 16703 | Lair:4   | Reached XP level 12. HP: 51/51 MP: 16/16
 17218 | Lair:5   | Noticed a death yak
 17225 | Lair:5   | Killed a death yak
 17226 | Lair:5   | Noticed a death yak
 17235 | Lair:5   | Noticed a death yak
 17236 | Lair:5   | Noticed a death yak
 17251 | Lair:5   | Killed a death yak
 17492 | Lair:5   | Reached ****** piety under Ashenzari
 17788 | Lair:5   | Found a staircase to the Slime Pits.
 18116 | Lair:6   | Entered Level 6 of the Lair of Beasts
 18138 | Lair:6   | Noticed Rupert
 18183 | Lair:6   | Noticed a six-headed hydra
 18186 | Lair:6   | Killed a six-headed hydra
 18219 | Lair:6   | Killed a death yak
 18228 | Lair:6   | Killed a death yak
 18622 | Lair:6   | Noticed Snorg
 18832 | Orc:1    | Entered Level 1 of the Orcish Mines
 19082 | Orc:1    | Noticed an orc warlord
 19231 | D:9      | Killed an orc warlord
 19432 | Orc:1    | Noticed an orc high priest
 19441 | Orc:1    | Killed an orc high priest
 19746 | Orc:1    | Reached XP level 13. HP: 56/60 MP: 17/17
 19940 | Orc:2    | Entered Level 2 of the Orcish Mines
 19991 | Orc:2    | Found a roughly hewn altar of Beogh.
 20504 | Orc:2    | Noticed an orc warlord
 20575 | Orc:1    | Killed an orc warlord
 20750 | Orc:2    | Found Kyskioff's Antique Armour Shop.
 20751 | Orc:2    | Found a roughly hewn altar of Beogh.
 20766 | Orc:2    | Found Xylatax's Antique Weapon Boutique.
 20956 | Orc:2    | Found a staircase to the Elven Halls.
 21048 | Orc:2    | Found a roughly hewn altar of Beogh.
 21056 | Orc:2    | Found Qakoen's Antique Weapon Emporium.
 21239 | Orc:2    | Found a roughly hewn altar of Beogh.
 21445 | Orc:2    | Found a roughly hewn altar of Beogh.
 21513 | Orc:2    | Gained mutation: You are weak. (Str -2) [a neqoxec]
 21678 | Orc:2    | Found a roughly hewn altar of Beogh.
 21678 | Orc:2    | Found Geass's Antique Armour Shoppe.
 21693 | Orc:2    | Killed from afar by an orc high priest
 21694 | Orc:2    | Reached XP level 12. HP: -4/57 MP: 19/25
 21801 | Orc:2    | Killed an orc high priest
 21978 | Orc:2    | Noticed an orc warlord
 22003 | Orc:2    | Killed an orc warlord
 22053 | Orc:2    | Killed from afar by an orc priest

Skill      XL: |  1  2  3  4  5  6  7  8  9 10 11 12 13 |
---------------+----------------------------------------+-----
Unarmed Combat | 2 3 6 10 12 | 12.7
Dodging        | 4 5 7 8 12 11 | 12.3
Stealth        | 6 7 9 11 17 18 | 18.4
Hexes          | 6 7 8 10 12 | 12.2
Ice Magic      | 3 4 5 7 |  7.5
Fighting       | 3 5 9 |  9.4
Spellcasting   | |  2.0

Action                   |  1- 3 |  4- 6 |  7- 9 | 10-12 | 13-15 || total
-------------------------+-------+-------+-------+-------+-------++-------
Melee: Unarmed           |   119 |    55 |   219 |   757 |   118 ||  1268
       Bite              |     9 |     4 |    15 |    39 |     2 ||    69
       Punch             |       |     1 |     4 |    21 |     2 ||    28
 Cast: Corona            |     2 |       |       |     2 |       ||     4
       Ensorcelled Hiber |     1 |    23 |    69 |   355 |   127 ||   575
       Confuse           |       |     8 |    19 |    51 |       ||    78
       Confusing Touch   |       |       |     9 |    44 |       ||    53
       Apportation       |       |       |     1 |       |       ||     1
Invok: Curse Item        |       |     2 |     1 |       |     1 ||     4
  Use: Scroll            |       |     4 |     1 |    19 |       ||    24
       Potion            |       |     1 |     2 |     6 |       ||     9
 Stab: Sleeping          |    12 |    15 |    52 |   261 |    96 ||   436
       Confused          |       |     2 |    16 |    79 |       ||    97
       Distracted        |       |       |       |     2 |       ||     2
  Eat: Chunk             |     6 |     1 |    19 |    48 |     9 ||    83
       Ration            |       |       |     1 |       |       ||     1
Armor: Skin              |     5 |       |     4 |    20 |     5 ||    34
Dodge: Dodged            |    90 |    49 |   186 |   746 |   201 ||  1272
